Login

Springfield Thunderbirds vs Hershey Bears

Created - 22 April 2024 at 23:44

Goals
1 2 3 OT1 T
Springfield Thunderbirds 0 2 0 0 2
Hershey Bears 1 1 0 1 3
Shots
1 2 3 OT1 T
Springfield Thunderbirds 1 18 9 1 29
Hershey Bears 9 12 3 1 25

GoalsPenalties
1st period
1. Hershey Bears , Ethen Frank 7 (CJ Suess 8, Henrik Borgstrom 9) at 19:26
No Penalty
2nd period
2. Hershey Bears , Henrik Borgstrom 6 (Ethen Frank 8, Vincent Iorio 11) at 2:46
3. Springfield Thunderbirds , Nathan Walker 11 (Martin Frk 10) at 10:15 (PP)
4. Springfield Thunderbirds , Mikhail Abramov 5 (Dylan Sikura 6, Matthew Kessel 4) at 16:12
Tyler Tucker (SPR) for Roughing (Minor) at 2:52
Nicolas Aube-Kubel (HER) for High sticking (Minor) at 9:43
Zack Kassian (SPR) for Hooking (Minor) at 12:35
Dylan McIlrath (HER) for Slashing (Minor) at 0:00
3rd period
No Goal
Nicolas Aube-Kubel (HER) for High sticking (Minor) at 3:28
Adam Cracknell (HER) for Tripping (Minor) at 9:21
Overtime #1
5. Hershey Bears , Matthew Phillips 19 (Joe Snively 20) at 0:30
No Penalty
Goalie Stats
Malcolm Subban (SPR), 22 saves from 25 shots - (0.880), OTL, 7-6-2, 60:30 minutes
Jon Gillies (HER), 27 saves from 29 shots - (0.931), W, 9-3-0, 60:30 minutes
3 StarsOfficial
1 - Ethen Frank (HER)
2 - Henrik Borgstrom (HER)
3 - Matthew Phillips (HER)
Referees : Dan O'Halloran and Dave Lewis
Linesman : Tony Sericolo and Shaun Morgan
Game Note
Lucas Johansen is injured at 17:03 of 2nd period (Bruised Right Arm)
Finance
Level 1 -- Attendance: 1906 (95.30%) -- Ticket Income $66,710
Level 2 -- Attendance: 935 (93.50%) -- Ticket Income $14,025
Total Attendance: 2841 (94.70%)
Total Ticket Income: $80,735
Other Income: $39,560
Total Income: $120,295



Team Name Goals Shots Shots Attemp Shots Blocked PIM HIT PP PK FO%
Springfield Thunderbirds 22942134261 / 4 (25%)046%
Hershey Bears 3255558370 / 2 (0%)154%

Springfield Thunderbirds
Player Name POS G A P +/- PIM HIT SHT SB MP PP MP PP SHT PK MP PK SHT FO% FOT GA TA
Anton MalmstromD0000022017:420:0000:5900% 011
Dylan SikuraRW0110011013:370:0000:0000% 001
Hunter SkinnerD000-1000014:330:0000:0000% 100
Jake NeighboursLW000-1034323:503:2802:48067% 301
Josh JacobsD000-1000219:522:4101:2000% 000
Keean WashkurakC000000002:080:0000:0000% 000
Mackenzie MacEachernLW0000020010:300:0000:2400% 001
Martin FrkRW011-1030018:183:0200:2700% 000
Mathias LaferriereRW000000209:050:1000:0000% 000
Matthew KesselD011-1020222:332:4101:0900% 010
Matthew PecaC000-1010218:192:5700:46057% 700
Mikhail AbramovC1010021113:480:1500:00050% 400
Nathan WalkerLW101-2002019:053:0220:46067% 310
Nikita AlexandrovC0000026012:490:0000:0000% 000
Tyler TuckerD0000232124:123:4901:3300% 031
William BittenC0000017119:453:1802:45141% 2700
Wyatt KalynukD0000001120:213:4902:5500% 000
Zack KassianRW0000241017:033:1800:0000% 100
Hershey Bears
Player Name POS G A P +/- PIM HIT SHT SB MP PP MP PP SHT PK MP PK SHT FO% FOT GA TA
Adam CracknellLW0000222117:282:3101:5000% 200
Alex LimogesLW0000021015:011:2700:4100% 000
Chase PriskieD0000020017:510:0000:4000% 000
CJ SuessLW0111012013:490:0000:000100% 100
Connor McMichaelC0000051018:021:2703:18078% 910
Dylan McIlrathD0002260125:202:2103:0400% 003
Ethen FrankRW1121022015:271:2700:0000% 100
Evan PoleiLW000001009:220:0000:0000% 000
Henrik BorgstromC1121013017:230:0002:33067% 1211
Ivan ChukarovD0000010218:590:0002:4600% 001
Joe SnivelyC0111022016:122:3110:00041% 1700
Kristians RubinsD0000041119:101:3702:4100% 001
Lucas JohansenD0000010010:451:3700:0000% 000
Matthew PhillipsRW1011014015:482:3110:0000% 010
Michael SgarbossaC0000001013:110:0002:39050% 420
Nicolas Aube-KubelRW0000443015:530:0001:5900% 000
Pierrick DubeRW000001109:590:0000:0200% 000
Vincent IorioD0111012025:172:2113:4700% 000

Springfield Thunderbirds

5 vs 5 Forward
Line #Left WingCenterRight WingPHYDFOFWanted %Time %Time Play
1Jake NeighboursWilliam BittenZack Kassian1224029%14:10
2Nathan WalkerMatthew PecaMartin Frk1223032%15:47
3Nikita AlexandrovMikhail AbramovDylan Sikura1222024%12:06
4Mackenzie MacEachernJake NeighboursMathias Laferriere1221015%7:29
5 vs 5 Defense
Line #DefenseDefensePHYDFOFWanted %Time %Time Play
1Anton MalmstromTyler Tucker1224036%17:51
2Matthew KesselJosh Jacobs1223031%15:25
3Wyatt KalynukHunter Skinner1222025%12:23
4Matthew KesselTyler Tucker122108%3:53
Power Play Forward
Line #Left WingCenterRight WingPHYDFOFWanted %Time %Time Play
1Jake NeighboursWilliam BittenZack Kassian1226053%3:28
2Nathan WalkerMatthew PecaMartin Frk1224047%3:02
Power Play Defense
Line #DefenseDefensePHYDFOFWanted %Time %Time Play
1Wyatt KalynukTyler Tucker1226059%3:49
2Matthew KesselJosh Jacobs1224041%2:41
Penalty Kill 4 Players Forward
Line #CenterWingPHYDFOFWanted %Time %Time Play
1William BittenJake Neighbours1226081%3:12
2Matthew PecaNathan Walker1224019%0:46
Penalty Kill 4 Players Defense
Line #DefenseDefensePHYDFOFWanted %Time %Time Play
1Wyatt KalynukTyler Tucker1226089%3:32
2Matthew KesselJosh Jacobs1224011%0:26
Penalty Kill 3 Players
Line #WingPHYDFOFWanted %Time %Time PlayDefenseDefensePHYDFOFWanted %Time %Time Play
1William Bitten122600%0:00 Wyatt KalynukTyler Tucker122600%0:00
2Matthew Peca122400%0:00 Matthew KesselJosh Jacobs122400%0:00
4 vs 4 Forward
Line #CenterWingPHYDFOFWanted %Time %Time Play
1William BittenJake Neighbours122600%0:00
2Matthew PecaNathan Walker122400%0:00
4 vs 4 Defense
Line #DefensePHYDFOFWanted %Time %Time Play
1Hunter SkinnerTyler Tucker122600%0:00
2Matthew KesselJosh Jacobs122400%0:00
Last Minutes Offensive
Left WingCenterRight WingDefenseDefense
Jake NeighboursWilliam BittenZack KassianMatthew KesselTyler Tucker
Last Minutes Defensive
Left WingCenterRight WingDefenseDefense
Jake NeighboursWilliam BittenZack KassianMatthew KesselTyler Tucker
Time
Total ForwardTotal DefenseLast Minutes OffensiveLast Minutes Defensive
60:00 60:00 0:000:00
Extra Forwards
Normal PowerPlayPenalty Kill
Martin Frk, Jake Neighbours, Dylan SikuraMartin Frk, William BittenMartin Frk
Extra Defensemen
Normal PowerPlayPenalty Kill
Josh Jacobs, Wyatt Kalynuk, Hunter SkinnerJosh Jacobs, Josh JacobsWyatt Kalynuk
Penalty Shots
Jake Neighbours, Nathan Walker, Zack Kassian, William Bitten, Martin Frk
Goalie
Malcolm Subban, Vadim Zherenko
Custom OT Lines Forwards
Jake Neighbours, Nathan Walker, Zack Kassian, William Bitten, Martin Frk, Nikita Alexandrov, Dylan Sikura, Mackenzie MacEachern, Matthew Peca, Mathias Laferriere
Custom OT Lines Defensemen
Hunter Skinner, Tyler Tucker, Matthew Kessel, Josh Jacobs, Wyatt Kalynuk
Scratches
Jeremie Biakabutuka (Healthy), Hugh McGing (Sprained Left Knee Injury), Calle Rosen (Healthy)

Hershey Bears

5 vs 5 Forward
Line #Left WingCenterRight WingPHYDFOFWanted %Time %Time Play
1Adam CracknellJoe SnivelyMatthew Phillips1223029%14:12
2Alex LimogesConnor McMichaelNicolas Aube-Kubel1223025%12:25
3CJ SuessHenrik BorgstromEthen Frank1223027%13:33
4Evan PoleiMichael SgarbossaPierrick Dube1221019%9:22
5 vs 5 Defense
Line #DefenseDefensePHYDFOFWanted %Time %Time Play
1Dylan McIlrathVincent Iorio1224035%17:32
2Lucas JohansenKristians Rubins1223037%18:19
3Chase PriskieIvan Chukarov1223028%13:41
4Dylan McIlrathVincent Iorio12200%0:00
Power Play Forward
Line #Left WingCenterRight WingPHYDFOFWanted %Time %Time Play
1Adam CracknellJoe SnivelyMatthew Phillips1226063%2:31
2Alex LimogesConnor McMichaelEthen Frank1224037%1:27
Power Play Defense
Line #DefenseDefensePHYDFOFWanted %Time %Time Play
1Dylan McIlrathVincent Iorio1226059%2:21
2Lucas JohansenKristians Rubins1224041%1:37
Penalty Kill 4 Players Forward
Line #CenterWingPHYDFOFWanted %Time %Time Play
1Connor McMichaelNicolas Aube-Kubel1226083%5:22
2Henrik BorgstromAdam Cracknell1224017%1:08
Penalty Kill 4 Players Defense
Line #DefenseDefensePHYDFOFWanted %Time %Time Play
1Dylan McIlrathVincent Iorio1226053%3:25
2Lucas JohansenKristians Rubins1224047%3:05
Penalty Kill 3 Players
Line #WingPHYDFOFWanted %Time %Time PlayDefenseDefensePHYDFOFWanted %Time %Time Play
1Nicolas Aube-Kubel122600%0:00 Dylan McIlrathVincent Iorio122600%0:00
2Henrik Borgstrom122400%0:00 Lucas JohansenKristians Rubins122400%0:00
4 vs 4 Forward
Line #CenterWingPHYDFOFWanted %Time %Time Play
1Joe SnivelyMatthew Phillips122600%0:00
2Connor McMichaelAdam Cracknell122400%0:00
4 vs 4 Defense
Line #DefensePHYDFOFWanted %Time %Time Play
1Dylan McIlrathVincent Iorio122600%0:00
2Lucas JohansenKristians Rubins122400%0:00
Last Minutes Offensive
Left WingCenterRight WingDefenseDefense
Adam CracknellJoe SnivelyMatthew PhillipsDylan McIlrathVincent Iorio
Last Minutes Defensive
Left WingCenterRight WingDefenseDefense
Adam CracknellJoe SnivelyNicolas Aube-KubelDylan McIlrathVincent Iorio
Time
Total ForwardTotal DefenseLast Minutes OffensiveLast Minutes Defensive
60:00 60:00 0:000:00
Extra Forwards
Normal PowerPlayPenalty Kill
Nicolas Aube-Kubel, Henrik Borgstrom, Michael SgarbossaNicolas Aube-Kubel, Henrik BorgstromMichael Sgarbossa
Extra Defensemen
Normal PowerPlayPenalty Kill
Chase Priskie, Ivan Chukarov, Lucas JohansenChase Priskie, Ivan ChukarovLucas Johansen
Penalty Shots
Joe Snively, Matthew Phillips, Connor McMichael, Adam Cracknell, Henrik Borgstrom
Goalie
Jon Gillies, Hunter Shepard
Custom OT Lines Forwards
Joe Snively, Matthew Phillips, Connor McMichael, Nicolas Aube-Kubel, Adam Cracknell, Henrik Borgstrom, Alex Limoges, Michael Sgarbossa, CJ Suess, Ethen Frank
Custom OT Lines Defensemen
Dylan McIlrath, Vincent Iorio, Lucas Johansen, Kristians Rubins, Chase Priskie
Scratches
Billy Constantinou (Healthy), Pavel Gogolev (Healthy), Patrick Khodorenko (Healthy), Hendrix Lapierre (Healthy), Justin Nachbaur (Healthy) Henrik Rybinski (Healthy), Zach Senyshyn (Healthy), Riley Sutter (Healthy), Bogdan Trineyev (Healthy), Kirill Tyutyayev (Healthy) Daniil Zhuravlyov (Healthy), Clay Stevenson (Healthy)


Play-by-Play

1st period


0:01 of 1st period - Joe Snively wins face-off versus William Bitten in neutral zone.
0:04 of 1st period - Slapshot by Matthew Phillips.
0:04 of 1st period - Stopped by Malcolm Subban with a rebound.
0:06 of 1st period - Wrist shot by Adam Cracknell.
0:06 of 1st period - Stopped by Malcolm Subban with a rebound.
0:26 of 1st period - Nathan Walker is hit by Dylan McIlrath and loses puck.
0:37 of 1st period - Snap shot by Alex Limoges.
0:37 of 1st period - Stopped by Malcolm Subban with a rebound.
0:53 of 1st period - Slapshot by Nikita Alexandrov.
0:53 of 1st period - Stopped by Jon Gillies with a rebound.
1:42 of 1st period - Matthew Peca is hit by Kristians Rubins and loses puck.
2:03 of 1st period - Wrist shot by Connor McMichael.
2:03 of 1st period - Deflect By Dylan Sikura.
2:03 of 1st period - Stopped by Malcolm Subban without a rebound.
2:04 of 1st period - William Bitten wins face-off versus Henrik Borgstrom in Springfield Thunderbirds zone.
2:17 of 1st period - Slapshot by Jake Neighbours.
2:17 of 1st period - Shot Misses the Net.
2:48 of 1st period - Nathan Walker is hit by Joe Snively and loses puck.
3:13 of 1st period - Snap shot by Pierrick Dube.
3:13 of 1st period - Stopped by Malcolm Subban without a rebound.
3:14 of 1st period - Jake Neighbours wins face-off versus Michael Sgarbossa in Springfield Thunderbirds zone.
4:34 of 1st period - Jake Neighbours is hit by Evan Polei and loses puck.
5:03 of 1st period - Slapshot by Vincent Iorio.
5:03 of 1st period - Shot Blocked by Jake Neighbours.
5:05 of 1st period - Snap shot by Evan Polei.
5:05 of 1st period - Shot Blocked by Wyatt Kalynuk.
5:47 of 1st period - Snap shot by Michael Sgarbossa.
5:47 of 1st period - Shot Misses the Net.
5:51 of 1st period - Snap shot by Michael Sgarbossa.
5:51 of 1st period - Shot Blocked by Jake Neighbours.
5:59 of 1st period - Snap shot by Michael Sgarbossa.
5:59 of 1st period - Stopped by Malcolm Subban with a rebound.
6:01 of 1st period - Slapshot by Vincent Iorio.
6:01 of 1st period - Shot Misses the Net.
6:23 of 1st period - Slapshot by Vincent Iorio.
6:23 of 1st period - Deflect By Pierrick Dube.
6:23 of 1st period - Shot Misses the Net.
6:23 of 1st period - Puck is out of play.
6:24 of 1st period - Henrik Borgstrom wins face-off versus Matthew Peca in Springfield Thunderbirds zone.
6:31 of 1st period - Wrist shot by Ethen Frank.
6:31 of 1st period - Shot Misses the Net.
6:49 of 1st period - Nikita Alexandrov is hit by Nicolas Aube-Kubel and loses puck.
7:00 of 1st period - Alex Limoges is hit by Anton Malmstrom and loses puck.
7:17 of 1st period - Martin Frk is hit by Lucas Johansen and loses puck.
8:18 of 1st period - Josh Jacobs is hit by Adam Cracknell and loses puck.
8:35 of 1st period - Nikita Alexandrov is hit by Ethen Frank and loses puck.
9:41 of 1st period - Nathan Walker is hit by Connor McMichael and loses puck.
11:43 of 1st period - Icing by Joe Snively.
11:44 of 1st period - Henrik Borgstrom wins face-off versus Hunter Skinner in Hershey Bears zone.
12:09 of 1st period - Mikhail Abramov is hit by Nicolas Aube-Kubel and loses puck.
13:58 of 1st period - Michael Sgarbossa is hit by William Bitten.
15:59 of 1st period - Wyatt Kalynuk is hit by Nicolas Aube-Kubel and loses puck.
16:37 of 1st period - Icing by Matthew Kessel.
16:38 of 1st period - Nathan Walker wins face-off versus Ethen Frank in Springfield Thunderbirds zone.
16:49 of 1st period - Kristians Rubins is hit by Mikhail Abramov and loses puck.
17:00 of 1st period - William Bitten is hit by Connor McMichael and loses puck.
18:40 of 1st period - Hunter Skinner is hit by Adam Cracknell and loses puck.
18:55 of 1st period - Icing by Joe Snively.
18:56 of 1st period - Joe Snively wins face-off versus Matthew Peca in Hershey Bears zone.
18:56 of 1st period - Joe Snively is hit by Matthew Peca.
19:04 of 1st period - Snap shot by Nathan Walker.
19:04 of 1st period - Shot Misses the Net.
19:20 of 1st period - Snap shot by Connor McMichael.
19:20 of 1st period - Shot Misses the Net.
19:22 of 1st period - Slapshot by Nicolas Aube-Kubel.
19:22 of 1st period - Stopped by Malcolm Subban without a rebound.
19:23 of 1st period - Henrik Borgstrom wins face-off versus Mikhail Abramov in Springfield Thunderbirds zone.
19:24 of 1st period - Snap shot by CJ Suess.
19:24 of 1st period - Stopped by Malcolm Subban with a rebound.
19:26 of 1st period - Wrist shot by Ethen Frank.
19:26 of 1st period - Goal by Ethen Frank - Springfield Thunderbirds : 0 - Hershey Bears : 1.
19:27 of 1st period - Henrik Borgstrom wins face-off versus William Bitten in neutral zone.
19:38 of 1st period - CJ Suess is hit by Jake Neighbours and loses puck.
19:53 of 1st period - Vincent Iorio is hit by Anton Malmstrom and loses puck.
Goals for this period are 0 for Springfield Thunderbirds vs 1 for Hershey Bears.
Shots for this period are 1 for Springfield Thunderbirds vs 9 for Hershey Bears.

2nd period


0:01 of 2nd period - Connor McMichael wins face-off versus William Bitten in neutral zone.
0:17 of 2nd period - Icing by William Bitten.
0:18 of 2nd period - Henrik Borgstrom wins face-off versus William Bitten in Springfield Thunderbirds zone.
0:29 of 2nd period - Tyler Tucker is hit by Ethen Frank.
0:37 of 2nd period - Wrist shot by William Bitten.
0:37 of 2nd period - Stopped by Jon Gillies with a rebound.
0:48 of 2nd period - Snap shot by William Bitten.
0:48 of 2nd period - Shot Misses the Net.
0:50 of 2nd period - Snap shot by William Bitten.
0:50 of 2nd period - Stopped by Jon Gillies without a rebound.
0:51 of 2nd period - Matthew Peca wins face-off versus Henrik Borgstrom in Hershey Bears zone.
1:06 of 2nd period - Vincent Iorio is hit by Martin Frk.
1:10 of 2nd period - Ethen Frank is hit by Martin Frk and loses puck.
1:25 of 2nd period - Slapshot by Ethen Frank.
1:25 of 2nd period - Shot Blocked by Matthew Kessel.
1:29 of 2nd period - Slapshot by Henrik Borgstrom.
1:29 of 2nd period - Stopped by Malcolm Subban with a rebound.
1:31 of 2nd period - Slapshot by Dylan McIlrath.
1:31 of 2nd period - Shot Misses the Net.
2:42 of 2nd period - Snap shot by Ethen Frank.
2:42 of 2nd period - Shot Misses the Net.
2:44 of 2nd period - Backhand shot by Henrik Borgstrom.
2:44 of 2nd period - Shot Blocked by Matthew Peca.
2:46 of 2nd period - Wrist shot by Henrik Borgstrom.
2:46 of 2nd period - Goal by Henrik Borgstrom - Springfield Thunderbirds : 0 - Hershey Bears : 2.
2:47 of 2nd period - Connor McMichael wins face-off versus William Bitten in neutral zone.
2:47 of 2nd period - Connor McMichael is hit by Jake Neighbours.
2:52 of 2nd period - Minor Penalty to Tyler Tucker for Roughing.
2:53 of 2nd period - William Bitten wins face-off versus Joe Snively in Springfield Thunderbirds zone.
3:03 of 2nd period - Snap shot by William Bitten.
3:03 of 2nd period - Stopped by Jon Gillies without a rebound.
3:04 of 2nd period - William Bitten wins face-off versus Joe Snively in Hershey Bears zone.
3:18 of 2nd period - Slapshot by Joe Snively.
3:18 of 2nd period - Stopped by Malcolm Subban with a rebound.
3:20 of 2nd period - Wrist shot by Matthew Phillips.
3:20 of 2nd period - Stopped by Malcolm Subban without a rebound.
3:21 of 2nd period - William Bitten wins face-off versus Joe Snively in Springfield Thunderbirds zone.
3:21 of 2nd period - William Bitten is hit by Dylan McIlrath.
3:29 of 2nd period - Snap shot by Matthew Phillips.
3:29 of 2nd period - Shot Misses the Net.
3:31 of 2nd period - Slapshot by Vincent Iorio.
3:31 of 2nd period - Deflect By Matthew Phillips.
3:31 of 2nd period - Shot Blocked by Jake Neighbours.
3:31 of 2nd period - Puck is out of play.
3:32 of 2nd period - Jake Neighbours wins face-off versus Joe Snively in Springfield Thunderbirds zone.
4:47 of 2nd period - Martin Frk is hit by Alex Limoges and loses puck.
4:52 of 2nd period - Penalty to Tyler Tucker is over, Tyler Tucker is back on ice.
4:58 of 2nd period - Dylan Sikura is hit by Dylan McIlrath.
5:01 of 2nd period - Off-side.
5:02 of 2nd period - Mikhail Abramov wins face-off versus Michael Sgarbossa in neutral zone.
5:52 of 2nd period - Henrik Borgstrom is hit by Zack Kassian and loses puck.
6:14 of 2nd period - Martin Frk is hit by Connor McMichael and loses puck.
6:55 of 2nd period - Michael Sgarbossa is hit by Nikita Alexandrov and loses puck.
8:08 of 2nd period - Matthew Phillips is hit by Martin Frk and loses puck.
8:37 of 2nd period - Wrist shot by CJ Suess.
8:37 of 2nd period - Shot Blocked by Josh Jacobs.
8:51 of 2nd period - Slapshot by Vincent Iorio.
8:51 of 2nd period - Shot Blocked by Matthew Peca.
9:20 of 2nd period - Nicolas Aube-Kubel is hit by Mackenzie MacEachern and loses puck.
9:43 of 2nd period - Minor Penalty to Nicolas Aube-Kubel for High sticking.
9:44 of 2nd period - Michael Sgarbossa wins face-off versus William Bitten in Hershey Bears zone.
9:44 of 2nd period - Michael Sgarbossa is hit by Tyler Tucker.
9:58 of 2nd period - Wrist shot by Tyler Tucker.
9:58 of 2nd period - Shot Misses the Net.
10:10 of 2nd period - Vincent Iorio is hit by Tyler Tucker and loses puck.
10:15 of 2nd period - Snap shot by Nathan Walker.
10:15 of 2nd period - Goal by Nathan Walker - Springfield Thunderbirds : 1 - Hershey Bears : 2.
10:16 of 2nd period - William Bitten wins face-off versus Adam Cracknell in neutral zone.
10:30 of 2nd period - Wrist shot by Jake Neighbours.
10:30 of 2nd period - Stopped by Jon Gillies without a rebound.
10:31 of 2nd period - Connor McMichael wins face-off versus William Bitten in Hershey Bears zone.
10:31 of 2nd period - Connor McMichael is hit by Zack Kassian.
10:43 of 2nd period - Wrist shot by William Bitten.
10:43 of 2nd period - Stopped by Jon Gillies without a rebound.
10:44 of 2nd period - William Bitten wins face-off versus Joe Snively in Hershey Bears zone.
10:45 of 2nd period - Wrist shot by Jake Neighbours.
10:45 of 2nd period - Stopped by Jon Gillies without a rebound.
10:46 of 2nd period - Joe Snively wins face-off versus William Bitten in Hershey Bears zone.
11:12 of 2nd period - Matthew Peca is hit by Kristians Rubins and loses puck.
11:23 of 2nd period - Snap shot by Alex Limoges.
11:23 of 2nd period - Deflect By Nicolas Aube-Kubel.
11:23 of 2nd period - Stopped by Malcolm Subban without a rebound.
11:24 of 2nd period - CJ Suess wins face-off versus Jake Neighbours in Springfield Thunderbirds zone.
11:25 of 2nd period - Wrist shot by Henrik Borgstrom.
11:25 of 2nd period - Stopped by Malcolm Subban without a rebound.
11:26 of 2nd period - Henrik Borgstrom wins face-off versus William Bitten in Springfield Thunderbirds zone.
12:20 of 2nd period - Slapshot by Nikita Alexandrov.
12:20 of 2nd period - Stopped by Jon Gillies with a rebound.
12:22 of 2nd period - Slapshot by Tyler Tucker.
12:22 of 2nd period - Deflect By Connor McMichael.
12:22 of 2nd period - Stopped by Jon Gillies without a rebound.
12:23 of 2nd period - William Bitten wins face-off versus Joe Snively in Hershey Bears zone.
12:35 of 2nd period - Minor Penalty to Zack Kassian for Hooking.
12:36 of 2nd period - William Bitten wins face-off versus Joe Snively in Springfield Thunderbirds zone.
12:42 of 2nd period - Off-side.
12:43 of 2nd period - William Bitten wins face-off versus Joe Snively in neutral zone.
12:47 of 2nd period - Off-side.
12:48 of 2nd period - William Bitten wins face-off versus Joe Snively in neutral zone.
13:08 of 2nd period - William Bitten is hit by Dylan McIlrath and loses puck.
13:25 of 2nd period - Backhand shot by Alex Limoges.
13:25 of 2nd period - Shot Blocked by Tyler Tucker.
13:27 of 2nd period - Slapshot by Vincent Iorio.
13:27 of 2nd period - Stopped by Malcolm Subban without a rebound.
13:28 of 2nd period - Connor McMichael wins face-off versus William Bitten in Springfield Thunderbirds zone.
13:52 of 2nd period - Josh Jacobs is hit by Kristians Rubins.
14:35 of 2nd period - Penalty to Zack Kassian is over, Zack Kassian is back on ice.
14:43 of 2nd period - Slapshot by Vincent Iorio.
14:43 of 2nd period - Stopped by Malcolm Subban with a rebound.
14:45 of 2nd period - Slapshot by Dylan McIlrath.
14:45 of 2nd period - Shot Misses the Net.
14:47 of 2nd period - Slapshot by Dylan McIlrath.
14:47 of 2nd period - Deflect By Michael Sgarbossa.
14:47 of 2nd period - Shot Misses the Net.
14:47 of 2nd period - Puck is out of play.
14:48 of 2nd period - Mikhail Abramov wins face-off versus Henrik Borgstrom in Springfield Thunderbirds zone.
14:48 of 2nd period - Mikhail Abramov is hit by Chase Priskie.
14:56 of 2nd period - Wrist shot by Dylan Sikura.
14:56 of 2nd period - Deflect By Nikita Alexandrov.
14:56 of 2nd period - Stopped by Jon Gillies without a rebound.
14:57 of 2nd period - Henrik Borgstrom wins face-off versus Mikhail Abramov in Hershey Bears zone.
15:06 of 2nd period - Snap shot by Ethen Frank.
15:06 of 2nd period - Shot Misses the Net.
15:15 of 2nd period - CJ Suess is hit by Mikhail Abramov and loses puck.
15:38 of 2nd period - Wrist shot by Henrik Borgstrom.
15:38 of 2nd period - Shot Blocked by Josh Jacobs.
16:10 of 2nd period - Snap shot by Dylan Sikura.
16:10 of 2nd period - Stopped by Jon Gillies with a rebound.
16:12 of 2nd period - Slapshot by Mikhail Abramov.
16:12 of 2nd period - Goal by Mikhail Abramov - Springfield Thunderbirds : 2 - Hershey Bears : 2.
16:13 of 2nd period - Joe Snively wins face-off versus Zack Kassian in neutral zone.
16:20 of 2nd period - Lucas Johansen is hit by Zack Kassian and loses puck.
17:02 of 2nd period - Lucas Johansen is hit by Mackenzie MacEachern and loses puck.
17:03 of 2nd period - Lucas Johansen from Hershey Bears is injured at 17:03 of 2nd period (Bruised Right Arm).
17:04 of 2nd period - William Bitten wins face-off versus Adam Cracknell in Hershey Bears zone.
17:07 of 2nd period - Backhand shot by William Bitten.
17:07 of 2nd period - Shot Misses the Net.
17:09 of 2nd period - Wrist shot by Zack Kassian.
17:09 of 2nd period - Stopped by Jon Gillies with a rebound.
17:11 of 2nd period - Wrist shot by Jake Neighbours.
17:11 of 2nd period - Deflect By William Bitten.
17:11 of 2nd period - Stopped by Jon Gillies with a rebound.
17:13 of 2nd period - Snap shot by Zack Kassian.
17:13 of 2nd period - Shot Misses the Net.
17:15 of 2nd period - Wrist shot by William Bitten.
17:15 of 2nd period - Stopped by Jon Gillies with a rebound.
17:17 of 2nd period - Snap shot by Zack Kassian.
17:17 of 2nd period - Shot Blocked by Dylan McIlrath.
17:19 of 2nd period - Slapshot by Tyler Tucker.
17:19 of 2nd period - Stopped by Jon Gillies with a rebound.
17:29 of 2nd period - Martin Frk is hit by Nicolas Aube-Kubel and loses puck.
17:59 of 2nd period - Wrist shot by Ethen Frank.
17:59 of 2nd period - Stopped by Malcolm Subban with a rebound.
18:01 of 2nd period - Wrist shot by CJ Suess.
18:01 of 2nd period - Stopped by Malcolm Subban with a rebound.
18:12 of 2nd period - Off-side.
18:13 of 2nd period - Michael Sgarbossa wins face-off versus William Bitten in neutral zone.
18:16 of 2nd period - Anton Malmstrom is hit by Kristians Rubins and loses puck.
18:25 of 2nd period - Snap shot by Pierrick Dube.
18:25 of 2nd period - Shot Misses the Net.
18:27 of 2nd period - Slapshot by Kristians Rubins.
18:27 of 2nd period - Stopped by Malcolm Subban without a rebound.
18:28 of 2nd period - Joe Snively wins face-off versus William Bitten in Springfield Thunderbirds zone.
18:52 of 2nd period - Martin Frk is hit by Connor McMichael and loses puck.
19:33 of 2nd period - Snap shot by William Bitten.
19:33 of 2nd period - Stopped by Jon Gillies with a rebound.
19:35 of 2nd period - Slapshot by Wyatt Kalynuk.
19:35 of 2nd period - Stopped by Jon Gillies with a rebound.
19:49 of 2nd period - Wrist shot by Joe Snively.
19:49 of 2nd period - Stopped by Malcolm Subban without a rebound.
19:50 of 2nd period - Joe Snively wins face-off versus Matthew Peca in Springfield Thunderbirds zone.
Goals for this period are 2 for Springfield Thunderbirds vs 1 for Hershey Bears.
Shots for this period are 18 for Springfield Thunderbirds vs 12 for Hershey Bears.
0:00 of 3rd period - Minor Penalty to Dylan McIlrath for Slashing.
Goals for this period are 2 for Springfield Thunderbirds vs 1 for Hershey Bears.
Shots for this period are 18 for Springfield Thunderbirds vs 12 for Hershey Bears.

3rd period


0:01 of 3rd period - Connor McMichael wins face-off versus William Bitten in neutral zone.
1:53 of 3rd period - Kristians Rubins is hit by Matthew Kessel.
2:00 of 3rd period - Penalty to Dylan McIlrath is over, Dylan McIlrath is back on ice.
2:05 of 3rd period - Slapshot by Nikita Alexandrov.
2:05 of 3rd period - Stopped by Jon Gillies with a rebound.
2:07 of 3rd period - Slapshot by Anton Malmstrom.
2:07 of 3rd period - Stopped by Jon Gillies with a rebound.
2:09 of 3rd period - Wrist shot by Dylan Sikura.
2:09 of 3rd period - Deflect By Nikita Alexandrov.
2:09 of 3rd period - Stopped by Jon Gillies with a rebound.
2:11 of 3rd period - Slapshot by Mikhail Abramov.
2:11 of 3rd period - Shot Blocked by Ivan Chukarov.
2:13 of 3rd period - Slapshot by Mikhail Abramov.
2:13 of 3rd period - Shot Misses the Net.
3:28 of 3rd period - Minor Penalty to Nicolas Aube-Kubel for High sticking.
3:29 of 3rd period - Matthew Peca wins face-off versus Connor McMichael in Hershey Bears zone.
3:36 of 3rd period - Snap shot by Nathan Walker.
3:36 of 3rd period - Stopped by Jon Gillies with a rebound.
5:01 of 3rd period - Josh Jacobs is hit by Vincent Iorio.
5:28 of 3rd period - Penalty to Nicolas Aube-Kubel is over, Nicolas Aube-Kubel is back on ice.
5:29 of 3rd period - Tyler Tucker is hit by Chase Priskie and loses puck.
6:21 of 3rd period - Nikita Alexandrov is hit by Henrik Borgstrom and loses puck.
6:31 of 3rd period - Icing by Ethen Frank.
6:32 of 3rd period - Henrik Borgstrom wins face-off versus William Bitten in Hershey Bears zone.
7:09 of 3rd period - Wrist shot by Pierrick Dube.
7:09 of 3rd period - Shot Misses the Net.
7:28 of 3rd period - Matthew Kessel is hit by Ivan Chukarov and loses puck.
7:52 of 3rd period - Matthew Kessel is hit by CJ Suess and loses puck.
8:10 of 3rd period - Kristians Rubins is hit by Nikita Alexandrov and loses puck.
8:42 of 3rd period - Nathan Walker is hit by Dylan McIlrath and loses puck.
8:49 of 3rd period - Nathan Walker is hit by Alex Limoges and loses puck.
9:04 of 3rd period - CJ Suess is hit by Zack Kassian and loses puck.
9:11 of 3rd period - Zack Kassian is hit by Dylan McIlrath and loses puck.
9:21 of 3rd period - Minor Penalty to Adam Cracknell for Tripping.
9:22 of 3rd period - Connor McMichael wins face-off versus William Bitten in Hershey Bears zone.
11:03 of 3rd period - Icing by Zack Kassian.
11:04 of 3rd period - Connor McMichael wins face-off versus William Bitten in Springfield Thunderbirds zone.
11:21 of 3rd period - Penalty to Adam Cracknell is over, Adam Cracknell is back on ice.
11:38 of 3rd period - Adam Cracknell is hit by Dylan Sikura and loses puck.
11:53 of 3rd period - Mathias Laferriere is hit by Joe Snively and loses puck.
12:11 of 3rd period - Ethen Frank is hit by Matthew Kessel and loses puck.
12:22 of 3rd period - Slapshot by Mackenzie MacEachern.
12:22 of 3rd period - Shot Blocked by Ivan Chukarov.
12:24 of 3rd period - Slapshot by Mathias Laferriere.
12:24 of 3rd period - Stopped by Jon Gillies with a rebound.
12:26 of 3rd period - Slapshot by Mathias Laferriere.
12:26 of 3rd period - Stopped by Jon Gillies with a rebound.
12:28 of 3rd period - Snap shot by Jake Neighbours.
12:28 of 3rd period - Stopped by Jon Gillies with a rebound.
12:30 of 3rd period - Slapshot by Anton Malmstrom.
12:30 of 3rd period - Stopped by Jon Gillies without a rebound.
12:31 of 3rd period - Matthew Peca wins face-off versus Joe Snively in Hershey Bears zone.
12:40 of 3rd period - Snap shot by Joe Snively.
12:40 of 3rd period - Shot Misses the Net.
12:42 of 3rd period - Wrist shot by Adam Cracknell.
12:42 of 3rd period - Stopped by Malcolm Subban with a rebound.
12:44 of 3rd period - Wrist shot by Dylan McIlrath.
12:44 of 3rd period - Shot Misses the Net.
13:02 of 3rd period - Snap shot by Dylan Sikura.
13:02 of 3rd period - Shot Misses the Net.
13:04 of 3rd period - Wrist shot by Nikita Alexandrov.
13:04 of 3rd period - Stopped by Jon Gillies with a rebound.
13:33 of 3rd period - Wrist shot by Nicolas Aube-Kubel.
13:33 of 3rd period - Stopped by Malcolm Subban with a rebound.
14:37 of 3rd period - Connor McMichael is hit by Tyler Tucker and loses puck.
14:52 of 3rd period - Pierrick Dube is hit by Jake Neighbours.
15:50 of 3rd period - Slapshot by Michael Sgarbossa.
15:50 of 3rd period - Shot Blocked by William Bitten.
15:52 of 3rd period - Slapshot by Ivan Chukarov.
15:52 of 3rd period - Shot Blocked by Matthew Kessel.
15:54 of 3rd period - Snap shot by Evan Polei.
15:54 of 3rd period - Shot Misses the Net.
16:12 of 3rd period - Matthew Kessel is hit by Matthew Phillips and loses puck.
16:46 of 3rd period - Anton Malmstrom is hit by Connor McMichael and loses puck.
17:17 of 3rd period - Mackenzie MacEachern is hit by Pierrick Dube and loses puck.
17:30 of 3rd period - Snap shot by Matthew Phillips.
17:30 of 3rd period - Shot Blocked by Mikhail Abramov.
17:38 of 3rd period - Snap shot by Matthew Phillips.
17:38 of 3rd period - Stopped by Malcolm Subban without a rebound.
17:39 of 3rd period - Matthew Peca wins face-off versus Henrik Borgstrom in Springfield Thunderbirds zone.
18:19 of 3rd period - Wrist shot by William Bitten.
18:19 of 3rd period - Shot Blocked by Adam Cracknell.
18:21 of 3rd period - Snap shot by Hunter Skinner.
18:21 of 3rd period - Shot Blocked by Kristians Rubins.
Goals for this period are 0 for Springfield Thunderbirds vs 0 for Hershey Bears.
Shots for this period are 9 for Springfield Thunderbirds vs 3 for Hershey Bears.

Overtime #1


0:01 of 1st overtime period - Nathan Walker wins face-off versus Connor McMichael in neutral zone.
0:14 of 1st overtime period - Snap shot by Jake Neighbours.
0:14 of 1st overtime period - Stopped by Jon Gillies without a rebound.
0:15 of 1st overtime period - Joe Snively wins face-off versus Nathan Walker in Hershey Bears zone.
0:20 of 1st overtime period - Snap shot by Joe Snively.
0:20 of 1st overtime period - Shot Misses the Net.
0:30 of 1st overtime period - Wrist shot by Matthew Phillips.
0:30 of 1st overtime period - Goal by Matthew Phillips - Springfield Thunderbirds : 2 - Hershey Bears : 3.
Goals for this period are 0 for Springfield Thunderbirds vs 1 for Hershey Bears.
Shots for this period are 1 for Springfield Thunderbirds vs 1 for Hershey Bears.